[Event "*** Titled Tuesday Blitz"]
[Site "Chess.com"]
[Date "2020.01.07"]
[Round "1"]
[White "goingin33"]
[Black "jlucasvf"]
[Result "0-1"]
[WhiteElo "2368"]
[BlackElo "2728"]
[TimeControl "180+2"]
[EndTime "13:01:05 PST"]
[Termination "jlucasvf won by resignation"]

1. e4 e5 2. Nf3 Nf6 3. Nc3 Bc5 4.
Nxe5 Nc6 5. Nxc6 dxc6 6. d3 Ng4 7. Be3 Nxe3 8. fxe3 Qh4+ 9. g3 Qg5 10. Qf3 Bg4 11. Qf4 Qxf4 12. exf4 Bf3 0-1

[Event "*** Titled Tuesday Blitz"]
[Site "Chess.com"]
[Date "2020.01.07"]
[Round "1"]
[White "dianosky"]
[Black "mersad_98"]
[Result "0-1"]
[WhiteElo "2392"]
[BlackElo "2754"]
[TimeControl "180+2"]
[EndTime "13:01:59 PST"]
[Termination "mersad_98 won by resignation"]

1. d4 d5 2. c4 dxc4 3. Nc3 e5 4. d5 Nf6 5. Qa4+ c6 6. dxc6 Nxc6 7. Qxc4 Be6 8. Qa4 Qd4 9. a3 Qxa4 10. Nxa4 Nd4 11.
Rb1 Nc2+ 12. Kd2 Bb3 13. Nc3 O-O-O+ 0-1

[Event "*** Titled Tuesday Blitz"]
[Site "Chess.com"]
[Date "2020.01.07"]
[Round "1"]
[White "Sebastian"]
[Black "ajkom197"]
[Result "1-0"]
[WhiteElo "2960"]
[BlackElo "2502"]
[TimeControl "180+2"]
[EndTime "13:02:13 PST"]
[Termination "Sebastian won by resignation"]

1. e4 c6 2. d4 d5 3. e5 Bf5 4.
Nf3 e6 5. Be2 Nd7 6. O-O Ne7 7.
c3 c5 8. dxc5 Nc6 9. b4 Ndxe5 10. Nxe5 Nxe5 11. g4 Bg6 12. f4 Bxb1 13. fxe5 Be4 14.
Bb5+ 1-0

[Event "*** Titled Tuesday Blitz"]
[Site "Chess.com"]
[Date "2020.01.07"]
[Round "1"]
[White "Zorbos"]
[Black "moro182"]
[Result "0-1"]
[WhiteElo "2388"]
[BlackElo "2751"]
[TimeControl "180+2"]
[EndTime "13:02:16 PST"]
[Termination "moro182 won by resignation"]

1. c4 e6 2. Nc3 d5 3. cxd5 exd5 4.
Nf3 Nf6 5. e3 Bd6 6. b3 c6 7.
Bb2 O-O 8. Be2 Bg4 9. O-O Nbd7 10. h3 Bh5 11. d3 Re8 12. Qc2 Rc8 13. a3 Bb8 14.
Rfe1 Qc7 15. g3 Qd6 16. Nh2 Bg6 17. Bf3 Ne5 18. Be2 a6 19. Rad1 c5 20. Qd2 d4 21.
Na2 dxe3 22. fxe3 Nc4 23. bxc4 Qxg3+ 24. Kf1 Qxh3+ 25. Kf2 Bg3+ 26. Kf3 0-1

[Event "*** Titled Tuesday Blitz"]
[Site "Chess.com"]
[Date "2020.01.07"]
[Round "1"]
[White "Indianlad"]
[Black "AleksanderHnydiuk"]
[Result "1-0"]
[WhiteElo "2927"]
[BlackElo "2478"]
[TimeControl "180+2"]
[EndTime "13:02:18 PST"]
[Termination "Indianlad won by resignation"]

1. d4 Nf6 2. c4 g6 3. g3 c5 4.
dxc5 Na6 5. Nc3 Nxc5 6. Bg2 Bg7 7.
e4 O-O 8. Nge2 d6 9. O-O Be6 10. b3 Qd7 11. Be3 Bh3 12. e5 Bxg2 13. exf6 Bf3 14. fxg7 Kxg7 15. Bxc5 1-0

[Event "*** Titled Tuesday Blitz"]
[Site "Chess.com"]
[Date "2020.01.07"]
[Round "1"]
[White "AlexandraBotez"]
[Black "SiddharthGMJagadeesh"]
[Result "0-1"]
[WhiteElo "2112"]
[BlackElo "2547"]
[TimeControl "180+2"]
[EndTime "13:02:22 PST"]
[Termination "SiddharthGMJagadeesh won by resignation"]

1. d4 Nf6 2. c4 e6 3. Nc3 Bb4 4. Qc2 O-O 5. e4 d5 6. e5 Ne4 7. Nf3 c5 8. cxd5 exd5 9. Bd3 Nc6 10. a3 cxd4 11. Bxe4 dxe4 12. axb4 exf3 0-1

[Event "*** Titled Tuesday Blitz"]
[Site "Chess.com"]
[Date "2020.01.07"]
[Round "1"]
[White "Gabrielian_Artur"]
[Black "AlexTruskavetsky"]
[Result "1-0"]
[WhiteElo "2792"]
[BlackElo "2411"]
[TimeControl "180+2"]
[EndTime "13:02:47 PST"]
[Termination "Gabrielian_Artur won by resignation"]

1. e4 c6 2. d4 d5 3. Nd2 dxe4 4.
Nxe4 Nf6 5. Nxf6+ exf6 6. c3 Bd6 7. Bd3 O-O 8. Qc2 Re8+ 9. Ne2 f5 10. Bd2 g6 11.
O-O-O Nd7 12. h4 b5 13. h5 Qf6 14. hxg6 fxg6 15. Qb3+ Kg7 16. Rxh7+ Kxh7 17. Rh1+ Kg7 18.
Bh6+ Kh8 19. Bf8+ 1-0

[Event "*** Titled Tuesday Blitz"]
[Site "Chess.com"]
[Date "2020.01.07"]
[Round "1"]
[White "davigator"]
[Black "cstevens1"]
[Result "0-1"]
[WhiteElo "2332"]
[BlackElo "2666"]
[TimeControl "180+2"]
[EndTime "13:02:48 PST"]
[Termination "cstevens1 won by resignation"]

1. e4 c5 2. Nf3 e6 3. d4 cxd4 4. Nxd4 a6 5. Bd3 Bc5 6. Nb3 Be7 7. f4 Qc7 8. Be3 d6 9. Nc3 Nd7 10. Qd2 Ngf6 11. O-O-O b5 12. Kb1 Bb7 13. a3 Rc8 14.
Rhg1 Ng4 15. h3 Nxe3 16. Qxe3 Bf6 17. Ne2 O-O 18. g4 g6 19. g5 Bg7 20. f5 Be5 21. Nf4 Rfe8 22. h4 Nc5 23. Nxc5 dxc5 24. c3 Bxf4 25.
Qf2 exf5 26. exf5 Be3 0-1

[Event "*** Titled Tuesday Blitz"]
[Site "Chess.com"]
[Date "2020.01.07"]
[Round "1"]
[White "luis-garcia"]
[Black "SirMittensofMittensville"]
[Result "0-1"]
[WhiteElo "2148"]
[BlackElo "2556"]
[TimeControl "180+2"]
[EndTime "13:03:16 PST"]
[Termination "SirMittensofMittensville won by resignation"]

1. d4 Nf6 2. c4 e6 3. a3 d5 4. Nf3 Be7 5. g3 O-O 6. Bg2 dxc4 7. Ne5 c5 8. e3 cxd4 9. exd4 Qc7 10. O-O Nbd7 11.
Nc3 Nxe5 12. dxe5 Qxe5 13. Bf4 Qc5 14. Qe2 Bd7 15. Bxb7 Rad8 16. Bg2 Bc6 17. Be3 Bxg2 18. Bxc5 Bxf1 19. Kxf1 Bxc5 20. Qd3 cxd3 0-1

[Event "*** Titled Tuesday Blitz"]
[Site "Chess.com"]
[Date "2020.01.07"]
[Round "1"]
[White "Chessmatus"]
[Black "kleinebeer98"]
[Result "0-1"]
[WhiteElo "2345"]
[BlackElo "2694"]
[TimeControl "180+2"]
[EndTime "13:03:45 PST"]
[Termination "kleinebeer98 won by resignation"]

1. e4 e5 2. Nf3 Nc6 3. Bb5 f5 4. Nc3 fxe4 5. Nxe4 Nf6 6. Qe2 d5 7. Nxf6+ gxf6 8. d3 Be6 9. Bd2 Qd6 10. O-O-O O-O-O 11. Kb1 a6 12. Ba4 Rg8 13. Rhg1 Bg7 14. Rge1 Bh8 15. g3 Bg4 16. Qe3 d4 17. Qe2 Qd5 18. Bxc6 Qxc6 19.
Nxe5 fxe5 0-1

[Event "*** Titled Tuesday Blitz"]
[Site "Chess.com"]
[Date "2020.01.07"]
[Round "1"]
[White "Ray_Yang"]
[Black "Ar4uha"]
[Result "0-1"]
[WhiteElo "2257"]
[BlackElo "2598"]
[TimeControl "180+2"]
[EndTime "13:03:58 PST"]
[Termination "Ar4uha won by checkmate"]

1. d4 Nf6 2. Bg5 e6 3. e4 h6 4. Bxf6 Qxf6 5. c3 d5 6. Nd2 c5 7. Ngf3 Nc6 8. Bb5 Bd7 9. O-O cxd4 10. Bxc6 Bxc6 11. e5 Qd8 12. Nxd4 Be7 13. N2b3 a5 14. Nxc6 bxc6 15. Nd4 Qb6 16. Qa4 O-O 17. Qxc6 Qxb2 18.
Rfb1 Qd2 19. Rb7 Bg5 20. Rxf7 Rxf7 21. Qxa8+ Rf8 22. Qc6 Qxf2+ 23. Kh1 Qf1+ 24. Rxf1 Rxf1# 0-1

[Event "*** Titled Tuesday Blitz"]
[Site "Chess.com"]
[Date "2020.01.07"]
[Round "1"]
[White "chessking2151"]
[Black "SHIVACalypso"]
[Result "1-0"]
[WhiteElo "2599"]
[BlackElo "2234"]
[TimeControl "180+2"]
[EndTime "13:04:18 PST"]
[Termination "chessking2151 won by resignation"]

1. d4 Nf6 2. c4 e6 3. Nf3 d5 4. Nc3 Bb4 5. Bg5 O-O 6. a3 Bxc3+ 7. bxc3 b6 8. e3 Bb7 9. cxd5 exd5 10. Bd3 c5 11.
Ne5 h6 12. Bh4 g5 13. Bg3 Nbd7 14. h4 Nxe5 15. Bxe5 Ne4 16. Bxe4 dxe4 17. Qh5 Re8 18. Qxh6 Rxe5 19. hxg5 f5 20. Qg6+ 1-0

[Event "*** Titled Tuesday Blitz"]
[Site "Chess.com"]
[Date "2020.01.07"]
[Round "1"]
[White "Caracternin123"]
[Black "playablecharacter"]
[Result "1-0"]
[WhiteElo "2528"]
[BlackElo "2011"]
[TimeControl "180+2"]
[EndTime "13:04:19 PST"]
[Termination "Caracternin123 won by resignation"]

1. e4 c6 2. d4 d5 3. exd5 cxd5 4.
Bf4 Nc6 5. c3 Nf6 6. Nd2 Bf5 7.
Ngf3 e6 8. Qb3 Qc8 9. Nh4 Bg6 10. Nxg6 hxg6 11. Be2 Be7 12. O-O O-O 13. Rfe1 a6 14.
a4 Na5 15. Qc2 Qc6 16. Nf3 Nd7 17. Bd3 b5 18. Bg5 Bd6 19. axb5 axb5 20. Qe2 Nf6 21. Bxb5 Qb6 22. b4 1-0

[Event "*** Titled Tuesday Blitz"]
[Site "Chess.com"]
[Date "2020.01.07"]
[Round "1"]
[White "arminmusovic"]
[Black "Hikaru"]
[Result "0-1"]
[WhiteElo "2513"]
[BlackElo "3134"]
[TimeControl "180+2"]
[EndTime "13:04:26 PST"]
[Termination "Hikaru won by resignation"]

1. a3 e5 2. Nc3 d5 3. d4 e4 4. Bf4 c6 5. e3 Bd6 6. Nge2 h5 7.
h4 Bg4 8. Qd2 Ne7 9. Bxd6 Qxd6 10.
Nf4 Ng6 11. Nce2 Ne7 12. Nc3 Nd7 13. Be2 b5 14. f3 exf3 15. gxf3 Bf5 16. e4 dxe4 17.
fxe4 Bg4 18. e5 Qh6 19. O-O-O Nb6 20. Rdg1 O-O-O 21. Kb1 Ng6 22. Bxg4+ hxg4 23. Nce2 Nc4 24. Qc1 Nxf4 25. Nxf4 Rxd4 26. Rxg4 Nd2+ 27. Ka1 Rxf4 28. Rg5 Qxg5 29. hxg5 Rxh1 30. Qxh1 Rf1+ 31. Qxf1 Nxf1 32.
g6 fxg6 0-1

[Event "*** Titled Tuesday Blitz"]
[Site "Chess.com"]
[Date "2020.01.07"]
[Round "1"]
[White "Majkelopulos"]
[Black "PNEPaul"]
[Result "1-0"]
[WhiteElo "2513"]
[BlackElo "1816"]
[TimeControl "180+2"]
[EndTime "13:04:39 PST"]
[Termination "Majkelopulos won by resignation"]

1. e4 e5 2. Nc3 Nc6 3. g3 g6 4. Bg2 Bg7 5. Nge2 Nge7 6. O-O O-O 7. d3 d6 8. h3 f5 9. Kh2 Nd4 10. Bg5 h6 11. Bxe7 Qxe7 12. Nd5 Qd8 13. Nxd4 exd4 14. a4 c6 15. Nb4 a5 16. Na2 fxe4 17. dxe4 Be6 18. f4 Qd7 19. Nc1 Bc4 20. Nd3 Rae8 21. Qd2 b6 22. Rae1 Bxd3 23. cxd3 c5 24. b3 b5 25.
Qxa5 bxa4 26. Qxa4 Qxa4 27. bxa4 Ra8 28. e5 Rxa4 29. exd6 Rd8 30. d7 Ra7 31. Re8+ 1-0

[Event "*** Titled Tuesday Blitz"]
[Site "Chess.com"]
[Date "2020.01.07"]
[Round "1"]
[White "Olga_Zhuravleva"]
[Black "Kirill_Klukin"]
[Result "1-0"]
[WhiteElo "2360"]
[BlackElo "2666"]
[TimeControl "180+2"]
[EndTime "13:04:41 PST"]
[Termination "Olga_Zhuravleva won by resignation"]

1. e4 c5 2. Nf3 Nc6 3. Nc3 e5 4. Bc4 Be7 5. d3 Nf6 6. O-O O-O 7. Nd5 d6 8. h3 Be6 9. c3 a6 10. a4 Rb8 11. Bb3 Nd7 12. d4 cxd4 13. cxd4 Bf6 14.
Nxf6+ Nxf6 15. d5 Bd7 16. dxc6 Bxc6 17. Bg5 Bxe4 18. Qe2 Bc6 19. Rad1 h6 20. Bh4 g5 21. Bg3 Qb6 22. Rxd6 Ne4 23. Qxe4 Qxb3 24. Rg6+ 1-0

[Event "*** Titled Tuesday Blitz"]
[Site "Chess.com"]
[Date "2020.01.07"]
[Round "1"]
[White "jedipredator"]
[Black "KhazarBabazada"]
[Result "0-1"]
[WhiteElo "2480"]
[BlackElo "2916"]
[TimeControl "180+2"]
[EndTime "13:04:49 PST"]
[Termination "KhazarBabazada won on time"]

1. e4 Nf6 2. e5 Nd5 3. d4 d6 4. c4 Nb6 5. f4 g6 6. Nf3 Bg7 7. Be2 O-O 8. O-O dxe5 9. fxe5 Bg4 10. Be3 f6 11. exf6 exf6 12. Nc3 Re8 13. Bf2 Nc6 14. c5 Nd5 15. Qb3 Be6 16. Qxb7 a6 17. Bc4 Na5 18. Qxd5 Bxd5 0-1

[Event "*** Titled Tuesday Blitz"]
[Site "Chess.com"]
[Date "2020.01.07"]
[Round "1"]
[White "Szczor"]
[Black "narutosmith"]
[Result "1-0"]
[WhiteElo "2601"]
[BlackElo "2261"]
[TimeControl "180+2"]
[EndTime "13:05:07 PST"]
[Termination "Szczor won by checkmate"]

1. e4 c5 2. Nf3 e6 3. d4 cxd4 4. Nxd4 a6 5. Nc3 Qc7 6. Be3 Nf6 7. Bd3 Bb4 8. O-O O-O 9. f4 d6 10. f5 e5 11. Nde2 Bc5 12. Bxc5 Qxc5+ 13. Kh1 b5 14. a3 Bb7 15. Ng3 Nbd7 16. Qf3 Nb6 17. Nh5 Nbd7 18. g4 h6 19. Rg1 d5 20. g5 dxe4 21. Nxe4 Nxh5 22.
Qxh5 Qc6 23. gxh6 g6 24. fxg6 f5 25. g7 fxe4 26. h7# 1-0

[Event "*** Titled Tuesday Blitz"]
[Site "Chess.com"]
[Date "2020.01.07"]
[Round "1"]
[White "FearNoEvil12"]
[Black "ValeriyGrinev"]
[Result "0-1"]
[WhiteElo "2029"]
[BlackElo "2529"]
[TimeControl "180+2"]
[EndTime "13:05:08 PST"]
[Termination "ValeriyGrinev won by resignation"]

1. e4 c5 2. Nc3 e6 3. f4 d5 4. Nf3 dxe4 5. Nxe4 Bd7 6. d3 Bc6 7. g3 Nd7 8. Qe2 Ngf6 9. Bg2 Be7 10. O-O O-O 11.
Ne5 Nxe5 12. fxe5 Nxe4 13. Bxe4 Qd4+ 14. Be3 Qxe5 15. Bxc6 bxc6 16. Qf2 Qxb2 17. Rae1 Qxa2 18. Bf4 f6 19. Qf3 Qd5 20. Qg4 e5 21. Be3 Kh8 22. Rf5 g6 23. Rf2 f5 24. Qe2 Bf6 25. Bh6 Rf7 26.
Qd2 c4 27. Bg5 cxd3 28. cxd3 Re8 29. Bxf6+ Rxf6 30. Qg5 Kg7 31. Qe3 Re7 32. h4 h5 33.
Kh2 c5 34. Ref1 Qd4 35. Qg5 Qg4 36. Qe3 Qd4 37. Qg5 Ref7 38. Qe3 Qxe3 0-1

[Event "*** Titled Tuesday Blitz"]
[Site "Chess.com"]
[Date "2020.01.07"]
[Round "1"]
[White "enzovsky"]
[Black "Mikhail_Golubev"]
[Result "0-1"]
[WhiteElo "2240"]
[BlackElo "2598"]
[TimeControl "180+2"]
[EndTime "13:05:09 PST"]
[Termination "Mikhail_Golubev won by resignation"]

1. e4 c5 2. Nf3 d6 3. Bb5+ Bd7 4.
Bxd7+ Qxd7 5. c4 g6 6. d4 cxd4 7. Nxd4 Bg7 8. b3 Nc6 9. Bb2 Nf6 10. Nc3 Qg4 11. Qxg4 Nxg4 12. Nxc6 bxc6 13. h3 Ne5 14. O-O-O O-O-O 15. f4 Nd7 16. Na4 Bxb2+ 17. Kxb2 Nb6 18.
Nxb6+ axb6 19. Rhe1 Kc7 20. e5 dxe5 21. fxe5 h5 22. Rf1 Rxd1 23. Rxd1 h4 24. Kc3 Rh5 25.
Rf1 Rxe5 26. Rxf7 Re2 27. Rg7 Rxg2 28. Rxe7+ Kd6 29. Re4 Rg3+ 30. Kb4 g5 31. a4 Rxh3 32. c5+ bxc5+ 33. Kc4 Rf3 34. Re8 0-1

[Event "*** Titled Tuesday Blitz"]
[Site "Chess.com"]
[Date "2020.01.07"]
[Round "1"]
[White "IMUltimateBeast"]
[Black "shanemelaughcm"]
[Result "1-0"]
[WhiteElo "2626"]
[BlackElo "2283"]
[TimeControl "180+2"]
[EndTime "13:05:23 PST"]
[Termination "IMUltimateBeast won by resignation"]

1. d4 e6 2. Bf4 f5 3. e3 Nf6 4.
h4 b6 5. h5 Bb7 6. Nf3 Be7 7. a3 Ne4 8. Nbd2 O-O 9. Nxe4 fxe4 10.
Nd2 d5 11. Qg4 Qd7 12. O-O-O Bd6 13. Bxd6 cxd6 14. h6 g6 15. f4 Nc6 16. Qh4 Qe7 17. Qxe7 Nxe7 18. g4 e5 19. dxe5 dxe5 20. fxe5 Nc6 21.
e6 Rae8 22. Nb3 Ne5 23. g5 Rxe6 24. Bh3 Re7 25. Nd4 Nf3 26. Be6+ Kh8 27. Rhf1 Rd8 28. Nxf3 Rxe6 29. Nd4 Re7 30. Rf6 Kg8 31. Rdf1 Ba6 32. Nc6 Red7 33. Nxd8 Bxf1 34. Ne6 1-0

[Event "*** Titled Tuesday Blitz"]
[Site "Chess.com"]
[Date "2020.01.07"]
[Round "1"]
[White "Gogolev_Artemy"]
[Black "Lukianoo"]
[Result "1-0"]
[WhiteElo "2459"]
[BlackElo "2800"]
[TimeControl "180+2"]
[EndTime "13:05:24 PST"]
[Termination "Gogolev_Artemy won by resignation"]

1. d4 Nf6 2. c4 e6 3. g3 Bb4+ 4. Nd2 O-O 5. Bg2 a5 6. Nf3 b6 7. Ne5 d5 8. O-O Bb7 9. Qc2 Bd6 10. b3 Nbd7 11. Bb2 c6 12. e4 Rc8 13. Rac1 c5 14.
exd5 exd5 15. Nxd7 Nxd7 16. cxd5 cxd4 17. Qd3 Nc5 18. Qxd4 f6 19. Nc4 Ba6 20. Nxd6 Qxd6 21. Rfe1 Nd3 22. Rxc8 Rxc8 23. Re6 Qd7 24. Bf1 Nxb2 25.
Bxa6 Rc1+ 26. Kg2 Rd1 27. Qe4 Qxd5 28. Qxd5 Rxd5 29. Re2 1-0

[Event "*** Titled Tuesday Blitz"]
[Site "Chess.com"]
[Date "2020.01.07"]
[Round "1"]
[White "guillembaches"]
[Black "NTBT_DHS"]
[Result "0-1"]
[WhiteElo "2296"]
[BlackElo "2634"]
[TimeControl "180+2"]
[EndTime "13:05:25 PST"]
[Termination "NTBT_DHS won by resignation"]

1. e4 g6 2. d4 Bg7 3. Be3 d6 4. Qd2 Nd7 5. h4 Ngf6 6. f3 c6 7. Bh6 Bxh6 8. Qxh6 Qb6 9. Nd2 Qxb2 10. Nb3 Qxc2 11.
Ne2 Qc4 12. Rc1 Qb4+ 13. Kf2 e5 14. g4 exd4 15. Nbxd4 Rg8 16. g5 Nh5 17. Qxh7 Rg7 18. Qh8+ Nf8 19. Nf5 Bxf5 20. exf5 O-O-O 21. Bh3 Kc7 22. Bg4 Nh7 23. Rb1 Qc5+ 0-1

[Event "*** Titled Tuesday Blitz"]
[Site "Chess.com"]
[Date "2020.01.07"]
[Round "1"]
[White "GoldenShare"]
[Black "platy3"]
[Result "0-1"]
[WhiteElo "2473"]
[BlackElo "2893"]
[TimeControl "180+2"]
[EndTime "13:05:28 PST"]
[Termination "platy3 won by resignation"]

1. e4 c5 2. Nf3 Nc6 3. d4 cxd4 4. Nxd4 Nf6 5. Nc3 d6 6. Be3 e6 7.
f3 a6 8. Qd2 Qc7 9. g4 b5 10.
Nxc6 Qxc6 11. O-O-O Bb7 12. g5 Nd7 13. Kb1 Ne5 14. f4 Nc4 15. Bxc4 Qxc4 16. Bd4 Rc8 17. a3 a5 18. Rhe1 h6 19. g6 fxg6 20. f5 e5 21. Bxe5 b4 22. axb4 axb4 23. Na4 Qc6 24. Bxd6 Bxd6 25.
Qxd6 Qxc2+ 26. Ka1 Qxa4+ 27. Kb1 Qc2+ 28. Ka1 Ra8+ 0-1

[Event "*** Titled Tuesday Blitz"]
[Site "Chess.com"]
[Date "2020.01.07"]
[Round "1"]
[White "Glufs"]
[Black "vanea_03"]
[Result "1/2-1/2"]
[WhiteElo "2364"]
[BlackElo "2694"]
[TimeControl "180+2"]
[EndTime "13:05:29 PST"]
[Termination "Game drawn by repetition"]

1. Nf3 d5 2. g3 Bg4 3. Bg2 Nd7 4. d4 Ngf6 5. h3 Bh5 6. O-O e6 7. c4 Be7 8. Qb3 Rb8 9. Nc3 Nb6 10. cxd5 exd5 11.
Nh4 O-O 12. Nf5 Bg6 13. Nxe7+ Qxe7 14. Bg5 c6 15. Rfe1 h6 16. Bf4 Rbe8 17. a4 Nc8 18.
a5 a6 19. Qa3 Qd8 20. Be5 Nd7 21. Bf4 Nf6 22. Be5 Nd7 23. Bf4 Nf6 1/2-1/2

[Event "*** Titled Tuesday Blitz"]
[Site "Chess.com"]
[Date "2020.01.07"]
[Round "1"]
[White "Rikikits"]
[Black "coolthing"]
[Result "1-0"]
[WhiteElo "2710"]
[BlackElo "2355"]
[TimeControl "180+2"]
[EndTime "13:05:32 PST"]
[Termination "Rikikits won by resignation"]

1. b3 Nf6 2. Bb2 e6 3. e3 d5 4. f4 Be7 5. Nf3 c5 6. Bd3 Nc6 7. O-O O-O 8. Nc3 b6 9. Ne2 Bb7 10. Ng3 Nb4 11. Ne5 Nxd3 12. cxd3 d4 13. Qe2 Rc8 14. e4 Bd6 15. Nc4 Bb8 16. a4 Qe7 17. Rae1 Rfd8 18. b4 cxb4 19. e5 Nd5 20. f5 b3 21.
Bxd4 Nb4 22. f6 Qf8 23. fxg7 Qe7 24. Nd6 Bxd6 25. exd6 Rxd6 26. Bf6 Qd7 27. Qh5 Rc5 28. Qh6 Rxd3 29. Ne4 Bxe4 30. Rxe4 Rxd2 31. Qxh7+ 1-0

[Event "*** Titled Tuesday Blitz"]
[Site "Chess.com"]
[Date "2020.01.07"]
[Round "1"]
[White "TigrVShlyape"]
[Black "otrov-11"]
[Result "1-0"]
[WhiteElo "2816"]
[BlackElo "2429"]
[TimeControl "180+2"]
[EndTime "13:05:33 PST"]
[Termination "TigrVShlyape won by resignation"]

1. d4 Nf6 2. Nf3 d5 3. Bf4 c5 4. e3 Nc6 5. Nbd2 Qb6 6. dxc5 Qxc5 7. a3 Qb6 8. b4 Bg4 9. c4 e5 10.
Bg5 e4 11. h3 Bh5 12. g4 Nxg4 13. hxg4 Bxg4 14. cxd5 Ne5 15. Nxe5 Bxd1 16. Rxd1 f6 17. Nec4 Qd8 18. Bf4 Qxd5 19. Nb3 Qe6 20. Nd4 Qd5 21. Nb5 Qc6 22. Nc7+ Kf7 23. b5 Qc5 24. Rd7+ Kg6 25.
Rg1+ 1-0

[Event "*** Titled Tuesday Blitz"]
[Site "Chess.com"]
[Date "2020.01.07"]
[Round "1"]
[White "Alohamora11"]
[Black "alishersuleymenov"]
[Result "0-1"]
[WhiteElo "2420"]
[BlackElo "2812"]
[TimeControl "180+2"]
[EndTime "13:05:35 PST"]
[Termination "alishersuleymenov won by resignation"]

1. e4 c5 2. Nf3 e6 3. d4 d5 4. exd5 exd5 5. Bb5+ Nc6 6. O-O Nf6 7.
Re1+ Be6 8. Ng5 Be7 9. Nxe6 fxe6 10. Rxe6 O-O 11. Bxc6 bxc6 12. Nc3 Qd7 13. Re2 Bd6 14.
dxc5 Bxc5 15. Be3 Bxe3 16. Rxe3 Ng4 17. Re2 Qd6 18. g3 Ne5 19. f4 Qc5+ 20. Kg2 Nc4 21.
Qg1 Qb4 22. Nd1 Rae8 23. c3 Rxe2+ 24. Kf3 Qe7 25. Nf2 Nd2+ 26. Kg2 Qe4+ 27. Kh3 Qf3 28.
Ng4 Rxf4 29. Nh6+ gxh6 0-1

[Event "*** Titled Tuesday Blitz"]
[Site "Chess.com"]
[Date "2020.01.07"]
[Round "1"]
[White "Schachmalanders"]
[Black "attack2mateU"]
[Result "0-1"]
[WhiteElo "2330"]
[BlackElo "2672"]
[TimeControl "180+2"]
[EndTime "13:05:40 PST"]
[Termination "attack2mateU won by resignation"]

1. e4 c5 2. Nf3 d6 3. d4 cxd4 4. Nxd4 Nf6 5. Nc3 a6 6. g3 e5 7. Nb3 Be7 8. Bg2 b5 9. h3 Nbd7 10. O-O Nb6 11. a4 b4 12. Nd5 Nbxd5 13. exd5 a5 14.
Be3 O-O 15. Re1 Bf5 16. Qd2 Rc8 17. c3 bxc3 18. bxc3 Ne4 19. Bxe4 Bxe4 20. c4 Rxc4 21. Nxa5 Rc2 22. Qb4 Bxd5 23. Rad1 Qa8 24. Qb5 Bh1 0-1

[Event "*** Titled Tuesday Blitz"]
[Site "Chess.com"]
[Date "2020.01.07"]
[Round "1"]
[White "Vegan4future"]
[Black "tjallkompall"]
[Result "1-0"]
[WhiteElo "2416"]
[BlackElo "2759"]
[TimeControl "180+2"]
[EndTime "13:05:45 PST"]
[Termination "Vegan4future won on time"]

1. d4 d6 2. e4 Nf6 3. Nc3 g6 4. h3 c6 5. a4 Nbd7 6. Be3 e5 7.
Nge2 Qe7 8. g4 exd4 9. Bxd4 Bg7 10. Bg2 O-O 11. O-O Nc5 12. Ng3 Ne6 13. Be3 Rd8 14.
Qd2 Nd7 15. Rad1 Ne5 16. b3 Nd7 17. f4 Nec5 18. Bd4 Bxd4+ 19. Qxd4 Nf8 20. Rd2 Nce6 21. Qf2 Nc7 22. Rfd1 Ne8 23. e5 d5 24. Re1 b6 25.
f5 Qc5 26. Rd4 Bb7 27. Nd1 Ng7 28. b4 1-0

[Event "*** Titled Tuesday Blitz"]
[Site "Chess.com"]
[Date "2020.01.07"]
[Round "1"]
[White "adriangschnitzer"]
[Black "brendan174"]
[Result "1-0"]
[WhiteElo "2546"]
[BlackElo "2108"]
[TimeControl "180+2"]
[EndTime "13:05:45 PST"]
[Termination "adriangschnitzer won by resignation"]

1. c4 Nf6 2. Nc3 e6 3. e4 d5 4. e5 d4 5. exf6 dxc3 6. bxc3 Qxf6 7. d4 c5 8. Nf3 cxd4 9. Bg5 Qg6 10. Bd3 Qh5 11. cxd4 Bb4+ 12. Bd2 Bxd2+ 13. Qxd2 O-O 14.
O-O Nc6 15. h3 b6 16. Rfe1 Bb7 17. Kh2 Rfd8 18. g4 Qa5 19. Qf4 Qc3 20. Rad1 Nb4 21. Bxh7+ Kxh7 22. Ng5+ Kh8 23. Qxf7 Rxd4 24. Rxe6 1-0

[Event "*** Titled Tuesday Blitz"]
[Site "Chess.com"]
[Date "2020.01.07"]
[Round "1"]
[White "Vuk2000"]
[Black "VFernandezB"]
[Result "1-0"]
[WhiteElo "2672"]
[BlackElo "2336"]
[TimeControl "180+2"]
[EndTime "13:05:48 PST"]
[Termination "Vuk2000 won by resignation"]

1. d4 Nf6 2. Bg5 Ne4 3. Bf4 c5 4. f3 Qa5+ 5. c3 Nf6 6. d5 d6 7. e4 b5 8. Nd2 Nbd7 9. a4 b4 10. Nc4 Qc7 11. Nh3 g6 12. cxb4 cxb4 13. Nf2 Bg7 14.
Rc1 Qd8 15. Be2 O-O 16. O-O Nc5 17. Nd3 Nxd3 18. Bxd3 Nd7 19. Be3 a5 20. Qe1 Ba6 21. b3 Bc3 22. Qf2 Bxc4 23. Bxc4 f5 24. Qh4 Bf6 25.
Qh3 fxe4 26. fxe4 Ne5 27. Bb5 Rc8 28. Bh6 Bg7 29. Rxf8+ Qxf8 30. Rxc8 Nf3+ 31. gxf3 1-0

[Event "*** Titled Tuesday Blitz"]
[Site "Chess.com"]
[Date "2020.01.07"]
[Round "1"]
[White "Bulldog167"]
[Black "Zarikovs1999"]
[Result "1-0"]
[WhiteElo "2728"]
[BlackElo "2370"]
[TimeControl "180+2"]
[EndTime "13:05:52 PST"]
[Termination "Bulldog167 won on time"]

1. d4 Nf6 2. c4 e6 3. Nf3 b6 4. g3 Bb7 5. Bg2 Be7 6. Nc3 O-O 7. O-O Ne4 8. Qc2 Nxc3 9. Qxc3 f5 10. b3 Bf6 11. Bb2 d6 12. Rad1 Nd7 13. Qc2 Be4 14. Qc1 Qe7 15. Ne1 Bxg2 16. Nxg2 a5 17. Rfe1 a4 18. e4 fxe4 19. Rxe4 Qf7 20. Rde1 Rfe8 21. h4 e5 22. Qe3 axb3 23. axb3 Rf8 24. dxe5 1-0

[Event "*** Titled Tuesday Blitz"]
[Site "Chess.com"]
[Date "2020.01.07"]
[Round "1"]
[White "FredyMatsuura"]
[Black "riconaipe"]
[Result "0-1"]
[WhiteElo "2221"]
[BlackElo "2585"]
[TimeControl "180+2"]
[EndTime "13:05:59 PST"]
[Termination "riconaipe won by resignation"]

1. d4 Nf6 2. c4 e6 3. Nf3 d5 4. Nc3 Be7 5. Bg5 O-O 6. Qc2 b6 7. e3 Bb7 8. Rc1 Nbd7 9. cxd5 exd5 10. Bd3 c5 11. O-O c4 12. Bf5 g6 13. Bh3 a6 14. Ne5 b5 15. a3 Nxe5 16. dxe5 Ne4 17.
Nxe4 Bxg5 18. Nxg5 Qxg5 19. f4 Qe7 20. Rce1 Rad8 21. Qc3 Qc5 22. f5 d4 23. exd4 Rxd4 24.
Kh1 Rd3 25. Qc1 Rxh3 26. Qg5 Rh5 27. Qg4 Qd5 28. e6 Rxf5 0-1

[Event "*** Titled Tuesday Blitz"]
[Site "Chess.com"]
[Date "2020.01.07"]
[Round "1"]
[White "manmanlai1"]
[Black "SantoBlue"]
[Result "0-1"]
[WhiteElo "2377"]
[BlackElo "2741"]
[TimeControl "180+2"]
[EndTime "13:06:04 PST"]
[Termination "SantoBlue won by resignation"]

1. e4 e5 2. Nf3 Nc6 3. Bc4 Bc5 4.
O-O Nf6 5. d3 O-O 6. Bg5 h6 7.
Bh4 Be7 8. Bg3 d6 9. a4 Nh5 10. Nxe5 Nxg3 11. Nxc6 bxc6 12. hxg3 Rb8 13. Bb3 Bf6 14. c3 Ba6 15. Ra3 d5 16. exd5 cxd5 17. Re1 c5 18. Nd2 Bxd3 19. Bc2 Ba6 20. Qc1 Re8 21. Rxe8+ Qxe8 22. Ra1 d4 23. Ne4 d3 24. Nxf6+ gxf6 25. Bxd3 Bxd3 26. Qxh6 Bg6 27. Qd2 c4 28. a5 Qb5 29. Qd4 Kg7 30. Re1 Qxb2 31. Qxc4 Qd2 32. Re3 Qc1+ 0-1